 Dungeon Crawl Stone Soup version 0.24.0-123-gd5b16e6ec5 (webtiles) character file.

Game seed: 8475011469354923521, levelgen mode: deterministic

451 Amplified the Ducker (level 7, -1/54 HPs)
             Began as a Merfolk Venom Mage on Jan 8, 2020.
             Was a Follower of Fedhas.
             Slain by a sky beast (6 damage)
             ... on level 4 of the Dungeon.
             The game lasted 00:07:51 (3457 turns).

Amplified the Ducker (Merfolk Venom Mage)           Turns: 3457, Time: 00:07:51

Health: -1/54      AC:  5    Str:  8    XL:     7   Next: 4%
Magic:  10/10      EV: 16    Int: 14    God:    Fedhas [*.....]
Gold:   111        SH:  0    Dex: 17    Spells: 9/10 levels left

rFire    + . .     SeeInvis .   e - +1 dagger
rCold    + . .     Gourm    .   (no shield)
rNeg     . . .     Faith    .   o - +1 robe {rC+ rF+}
rPois    +         Spirit   .   (no helmet)
rElec    .         Reflect  .   (no cloak)
rCorr    +         Harm     .   (no gloves)
MR       .....                  b - +1 pair of boots
Stlth    ++........             (no amulet)
HPRegen  0.18/turn              l - ring of resist corrosion
MPRegen  0.12/turn              n - ring of poison resistance

@: no status effects
A: change form in water, swift swim, stealthy swim
a: Renounce Religion


You were on level 4 of the Dungeon.
You worshipped Fedhas.
Fedhas was aware of your devotion.
You were not hungry.

You visited 1 branch of the dungeon, and saw 4 of its levels.

You collected 111 gold pieces.

Inventory:

Hand Weapons
 e - a +1 dagger (weapon)
Missiles
 d - 40 stones
 h - 20 poisoned darts (quivered)
Armour
 b - a +1 pair of boots (worn)
 o - a +1 robe of resistance (worn)
Jewellery
 l - a ring of resist corrosion (left hand)
 n - a ring of poison resistance (right hand)
Scrolls
 a - a scroll of remove curse
 g - 2 scrolls of enchant weapon
 i - 2 scrolls of amnesia
Potions
 m - 3 potions of resistance
Comestibles
 c - 2 rations
 f - 3 chunks of flesh


   Skills:
 * Level 4.2 Fighting
 * Level 6.0 Dodging
 - Level 2.1 Stealth
 - Level 2.0 Spellcasting
   Level 0.7 Conjurations
 * Level 2.1 Hexes
   Level 3.2 Poison Magic
 * Level 3.1 Invocations


You had 9 spell levels left.
You knew the following spells:

 Your Spells              Type           Power        Failure   Level  Hunger
b - Confusing Touch       Hex            #.....       10%         1    ##.....

Your spell library contained the following spells:

 Spells                   Type           Power        Failure   Level  Hunger
 Sting                    Conj/Pois      #...         11%         1    ##.....
 Poisonous Vapours        Pois/Air       #.....       19%         2    ###....
 Animate Skeleton         Necr           N/A          24%         1    ##.....
 Apportation              Tloc           #.....       24%         1    ##.....
 Summon Small Mammal      Summ           #...         24%         1    ##.....
 Mephitic Cloud           Conj/Pois/Air  #.......     38%         3    ####...
 Olgreb's Toxic Radiance  Pois           ##......     52%         4    #####..
 Venom Bolt               Conj/Pois      #.........   96%         5    ######.


Dungeon Overview and Level Annotations

Branches:
Dungeon (4/15)
 Temple: D:4-7

Altars:
Fedhas
Trog

Annotations:
D:2 Natasha, Robin


Message History

You barely miss something. Something hits you.
* * * LOW HITPOINT WARNING * * *
Something shocks you.
* * * LOW HITPOINT WARNING * * *
You see here a frilled lizard corpse.
A sky beast appears from thin air!
Reactivating autopickup.
Okay, then.
Okay, then.
The sky beast flickers out of sight!
Deactivating autopickup; reactivate with Ctrl-A.
As you read the scroll of teleportation, it crumbles to dust.
You feel strangely unstable. Something hits you but does no damage.
Unknown command.
Your surroundings seem slightly different.
Something hits you.
* * * LOW HITPOINT WARNING * * *
Something shocks you.
You die...
Fedhas appreciates your contribution to the ecosystem.

#..(.# #.# #..#.# #.#
#..#.# #.# #....# #.#
#..†#### #.# #...)..#
#.#####..##.#
#.#......##.######
####.#.###@.........#
#......# #§...........
#.##...# #..#..####.##
#.####.....###.####.#
#.#
.......#....##.#######
#.#
.#####................
#.# . ..###.##.h......
#.# #. .. #.#.#.######
#.# ..# #..###l#


There were no monsters in sight!

Vanquished Creatures
  2 ogres (D:4)
  2 howler monkeys (D:4)
  A crimson imp (D:3)
  A hound (D:4)
  A worker ant (D:4)
  7 adders
  2 oozes
  A worm (D:4)
  7 leopard geckos
  2 orcs (D:4)
  A ball python (D:1)
  7 bats
  3 giant cockroaches
  6 goblins
  8 hobgoblins
  7 jackals
  A quokka (D:4)
  4 frilled lizards
  5 kobolds
  4 rats
72 creatures vanquished.

Notes
Turn   | Place    | Note
-------+----------+-------------------------------------------
     0 | D:1      | Amplified the Merfolk Venom Mage began the quest for the
                  | Orb.
     0 | D:1      | Reached XP level 1. HP: 13/13 MP: 3/3
   123 | D:1      | Reached skill level 3 in Dodging
   168 | D:1      | Reached skill level 1 in Fighting
   186 | D:1      | Reached XP level 2. HP: 19/21 MP: 5/5
   563 | D:1      | Reached XP level 3. HP: 15/27 MP: 1/6
  1360 | D:2      | Found a bloodstained altar of Trog.
  1361 | D:2      | Found a blossoming altar of Fedhas.
  1377 | D:2      | Reached skill level 4 in Dodging
  1582 | D:2      | Became a worshipper of Fedhas Madash
  1756 | D:2      | Reached XP level 4. HP: 33/34 MP: 4/7
  1833 | D:2      | Reached skill level 1 in Invocations
  1973 | D:2      | Noticed Robin
  1980 | D:2      | Noticed Natasha
  2286 | D:3      | Learned a level 1 spell: Confusing Touch
  2305 | D:3      | Reached * piety under Fedhas
  2305 | D:3      | Reached XP level 5. HP: 29/41 MP: 6/8
  2388 | D:3      | Reached skill level 5 in Dodging
  2520 | D:4      | Noticed an ogre
  2769 | D:4      | Noticed an ogre
  2978 | D:4      | Reached skill level 1 in Hexes
  2978 | D:4      | Reached XP level 6. HP: 14/47 MP: 9/9
  3397 | D:4      | Noticed a sky beast
  3425 | D:4      | Reached skill level 6 in Dodging
  3425 | D:4      | Reached XP level 7. HP: 51/54 MP: 8/10
  3457 | D:4      | Slain by a sky beast

Levels and vault maps discovered:
D:1:      dpeg_arrival_rooms_b, layout_basic, minivault_11, hex_large,
          chequers_serial_rivers_micro_a
D:2:      layout_loops_cross, chequers_temple_overflow_statue_of_worship,
          hex_medium, kennysheep_generic_room_15, uniq_natasha, uniq_robin
D:3:      layout_rooms
D:4:      layout_loops_ring, serial_shops, shop, first_ration,
          minmay_fractal_squares_5

Skill      XL: |  1  2  3  4  5  6 |
---------------+-------------------+-----
Dodging        | 3 4 5 6 |  6.0
Fighting       | 1 2 3 4 |  4.2
Invocations    | 1 2 3 |  3.1
Hexes          | 1 2 |  2.1
Stealth        | |  2.1
Spellcasting   | |  2.0
Conjurations   | |  0.7
Poison Magic   | |  3.2

Action                   |  1- 3 |  4- 6 |  7- 9 || total
-------------------------+-------+-------+-------++-------
Melee: Dagger            |   229 |   265 |    15 ||   509
       Unarmed           |     1 |       |       ||     1
Throw: Dart              |     3 |    22 |       ||    25
 Cast: Sting             |    34 |    15 |       ||    49
       Confusing Touch   |       |    17 |     1 ||    18
  Use: Scroll            |     7 |     4 |     1 ||    12
       Potion            |     1 |     2 |       ||     3
 Stab: Sleeping          |     4 |     4 |       ||     8
       Confused          |       |    14 |       ||    14
  Eat: Chunk             |     3 |     4 |       ||     7
       Ration            |       |     1 |       ||     1
Armor: Robe              |    76 |    54 |     8 ||   138
Dodge: Dodged            |   257 |   233 |     1 ||   491
